 Dungeon Crawl Stone Soup version 0.23-a0-635-g88ca12a (webtiles) character file.

7047 Gorice the Protected (level 10, -1/85 HPs)
             Began as a Demonspawn Wanderer on Dec 27, 2018.
             Was a Follower of Uskayaw.
             Slain by Snorg (4 damage)
             ... on level 10 of the Dungeon.
             The game lasted 00:36:48 (11981 turns).

Gorice the Protected (Demonspawn Wanderer)         Turns: 11981, Time: 00:36:51

Health: -1/85      AC: 34    Str: 19    XL:     10   Next: 83%
Magic:  10/10      EV:  6    Int: 11    God:    Uskayaw [*.....]
Gold:   117        SH:  0    Dex: 12    Spells: 9/9 levels left

rFire    . . .     SeeInvis .   a - +4 hand axe (venom)
rCold    . . .     Gourm    .   (no shield)
rNeg     + . .     Faith    .   d - +10 plate armour {ponderous}
rPois    .         Spirit   .   G - +1 helmet
rElec    .         Reflect  .   (no cloak)
rCorr    .         Harm     .   (no gloves)
MR       .....                  I - +2 pair of boots {Stlth+}
Stlth    ..........             (no amulet)
HPRegen  0.24/turn              o - ring of stealth
MPRegen  0.12/turn              E - ring of positive energy

@: slow
A: talons 2, thin metallic scales 2, demonic guardian 2
a: Stomp, Renounce Religion


You were on level 10 of the Dungeon.
You worshipped Uskayaw.
Uskayaw was noncommittal.
You were not hungry.

You visited 2 branches of the dungeon, and saw 11 of its levels.

You collected 741 gold pieces.
You spent 624 gold pieces at shops.

Inventory:

Hand Weapons
 a - a +4 hand axe of venom (weapon)
   (You found it on level 8 of the Dungeon)
 B - a +0 blowgun
 N - a +2 hand axe of draining
   (You took it off an orc on level 2 of the Dungeon)
 R - a cursed +4 great sword
 S - a +5 battleaxe
 U - a +6 trident of protection
   (You took it off a centaur warrior on level 9 of the Dungeon)
Missiles
 p - 6 javelins
 t - 110 bolts
 Y - 370 stones (quivered)
Armour
 d - a +10 plate armour of ponderousness (worn)
   (You bought it in a shop on level 5 of the Dungeon)
 s - a +0 chain mail
 G - a +1 helmet (worn)
 I - a +2 pair of boots of stealth (worn)
   (You found it on level 7 of the Dungeon)
Magical Staves
 O - an uncursed staff of death
 V - an uncursed staff of fire
 X - an uncursed staff of summoning
Jewellery
 o - a ring of stealth (left hand)
 E - a ring of positive energy (right hand)
Wands
 y - a wand of paralysis (10)
 H - a wand of acid (5)
 T - a wand of enslavement (7)
Scrolls
 b - 2 scrolls of enchant armour
 e - a scroll of silence {!r}
 j - a scroll of magic mapping {!r}
 r - 3 scrolls of identify
 u - a scroll of enchant weapon
 v - 4 scrolls of remove curse
 z - 3 scrolls of teleportation {!r}
 D - a scroll of amnesia
 K - a scroll of blinking
Potions
 c - a potion of curing
 g - 2 potions of lignification {!q}
 i - 4 potions of brilliance {!q}
 k - 2 potions of heal wounds {!q}
 m - a potion of ambrosia
 A - 2 potions of cancellation {!q}
 F - 2 potions of invisibility {!q}
 J - a potion of agility {!q}
Miscellaneous
 L - a lightning rod (4/4) {!a}
 W - a sack of spiders
 Z - a phial of floods
Comestibles
 f - 22 rations
 h - 3 chunks of flesh


   Skills:
 - Level 10.0 Fighting
   Level 1.7 Short Blades
 * Level 2.7(2.8) Axes
   Level 1.0(2.0) Maces & Flails
 + Level 12.0 Armour
 - Level 2.6 Stealth


You had 9 spell levels left.
You didn't know any spells.
Your spell library contained the following spells:

 Spells                   Type           Power        Failure   Level  Hunger
 Passwall                 Tmut/Erth      #.......     100%        2    ###....
 Swiftness                Chrm/Air       #.......     100%        2    ###....
 Passage of Golubria      Tloc           N/A          100%        4    #####..
 Lee's Rapid Deconstruct  Erth           #.........   100%        5    ######.
 Darkness                 Hex            #.........   100%        6    #######
 Invisibility             Hex            #.......     100%        6    #######


Dungeon Overview and Level Annotations

Branches:
Dungeon (10/15)            Temple (1/1) D:4
   Lair: D:8-11         Orc: D:9-12

Altars:
Ashenzari
Cheibriados
Dithmenos
Elyvilon
Fedhas
Gozag
Hepliaklqana
Kikubaaqudgha
Makhleb
Nemelex Xobeh
Okawaru
Qazlal
Ru
Sif Muna
Trog
Uskayaw
Vehumet
Wu Jian
Xom
Yredelemnul
Zin
The Shining One

Shops:
D:5 *

Annotations:
D:10 Nergalle, Snorg


Innate Abilities, Weirdness & Mutations

You have razor-sharp toenails.
You are mostly covered in thin metallic scales. (AC +3)
A demonic guardian rushes to your aid.


Message History

The phantom barely misses you.
The spectral orc knight hits you but does no damage.
Your smoke demon hits Snorg!
Your smoke demon hits Snorg. x2; Snorg bites you!
Snorg claws you!
* * * LOW HITPOINT WARNING * * *
Snorg claws you.
* * * LOW HITPOINT WARNING * * *
Your orange demon stings the spectral orc knight from afar.
The phantom barely misses you.
The spectral orc knight hits you but does no damage.
Unknown command.
Damage: 23 (max 23)
Your plate armour prevents you from hitting Snorg.
Snorg is moderately wounded.
You hit the phantom but do no damage.
You hit the spectral orc knight but do no damage.
Snorg bites you but does no damage. Snorg barely misses you.
Snorg claws you but does no damage.
The spectral orc warrior hits you but does no damage.
Your smoke demon completely misses Snorg.
Your smoke demon barely misses Snorg.
Your smoke demon hits Snorg.
The spectral orc knight barely misses you.
Your orange demon completely misses the spectral orc knight.
Snorg bites your smoke demon! Snorg closely misses your smoke demon.
Snorg claws your smoke demon!!
The phantom hits you but does no damage.
Your smoke demon gestures at Snorg.
Snorg is smitten.
Your plate armour prevents you from hitting Snorg.
Snorg is heavily wounded.
You hit the spectral orc knight but do no damage.
You hit the phantom.
The spectral orc knight hits you but does no damage.
Snorg barely misses you. Snorg claws you but does no damage. Snorg claws you!
* * * LOW HITPOINT WARNING * * *
The spectral orc warrior hits you but does no damage.
Your orange demon stings the spectral orc knight but does no damage.
The spectral orc knight hits you but does no damage.
The phantom barely misses you. Snorg barely misses you. Snorg claws you!
* * * LOW HITPOINT WARNING * * *
Snorg claws you but does no damage.
Your smoke demon hits Snorg!
Your smoke demon closely misses Snorg. x2
You slash Snorg!
Snorg is severely wounded.
You hit the spectral orc knight but do no damage.
You barely miss the phantom.
The spectral orc knight hits you but does no damage.
Snorg bites you but does no damage. Snorg claws you but does no damage.
Snorg claws you.
You die...

#.##....#####...#...
..#............#...
#.#..########..#<..
#.#..# #..#### #....#
##...... ##...# ♣≈♣.....
#######...# ♣PP♣....
.......4..### ≈≈≈≈≈≈♣♣..
.......@3...♣P≈♣≈≈≈≈P≈♣.
.....ZZTW...♣≈≈≈P≈PPPP≈.
##.....o...#♣♣P≈≈≈≈≈≈P♣♣
#.........♣ PPP≈≈≈≈≈P♣
+.........≈P≈P≈≈≈≈♣≈≈♣♣
#.........♣♣≈ ≈≈≈≈P≈≈≈♣
#(........≈ ≈≈≈≈≈≈♣P≈♣
.........≈≈≈ ≈≈≈≈≈≈P≈P
≈≈≈≈≈≈≈≈≈


You could see Snorg (berserk), Nergalle, a spectral orc warrior, a spectral orc
knight, a phantom, a friendly orange demon and a friendly smoke demon.

Vanquished Creatures
  An unseen horror (D:10)
  A wolf spider (D:9)
  A hippogriff (D:9)
  A yak (D:9)
  A wyvern (D:8)
  2 hungry ghosts
  A steam dragon (D:9)
  An acid dragon (D:9)
  A water moccasin (D:9)
  2 sky beasts
  3 ice beasts
  2 black bears
  2 ogres
  A hornet zombie (D:6)
  A necrophage (D:9)
  6 centaurs
  3 bullfrogs
  2 killer bees (D:9)
  8 wights
  2 howler monkeys
  An electric eel (D:10)
  3 crimson imps
  A quasit (D:9)
  3 hounds
  2 jellies
  2 bullfrog skeletons (D:9)
  A gnoll shaman (D:7)
  3 orc priests
  2 bullfrog zombies
  A centaur skeleton (D:7)
  4 orc wizards
  2 iguanas
  4 worker ants
  A killer bee zombie (D:8)
  A hound skeleton (D:9)
  23 gnolls
  9 adders
  3 shadow imps
  2 oozes (D:4)
  An adder skeleton (D:8)
  4 worms
  2 dart slugs (D:2)
  7 leopard geckos
  16 orcs
  A bat zombie (D:8)
  5 giant cockroaches
  7 goblins
  8 hobgoblins
  7 jackals
  9 kobolds
  5 quokkas
  A ball python (D:2)
  10 bats
  3 frilled lizards
  A jackal zombie (D:6)
  7 rats
  A rat zombie (D:8)
205 creatures vanquished.

Vanquished Creatures (collateral kills)
  2 centaur warriors (D:9)
  A hornet (D:7)
  2 yaks (D:9)
  A black bear (D:7)
  2 ogres
  A big kobold (D:7)
  A bullfrog (D:6)
  2 scorpions
  4 killer bees (D:9)
  A wight (D:9)
  A crimson imp (D:4)
  A bullfrog skeleton (D:6)
  Natasha (D:2)
  2 worker ants
  A hound skeleton (D:4)
  A gnoll (D:3)
  An adder (D:3)
  2 orcs (D:9)
  2 kobolds (D:7)
  2 quokkas (D:6)
31 creatures vanquished.

Grand Total: 236 creatures vanquished

Notes
Turn   | Place    | Note
-------+----------+-------------------------------------------
     0 | D:1      | Gorice the Demonspawn Wanderer began the quest for the Orb.
     0 | D:1      | Gorice set off with the following items: a +2 short sword,
                  | a +0 spear, a potion of curing, a +0 robe, a +0 dagger, a
                  | ration
     0 | D:1      | Reached XP level 1. HP: 18/18 MP: 1/1
   143 | D:1      | HP: 5/18 [rat (3)]
   658 | D:1      | Gained mutation: A weak demonic guardian rushes to your
                  | aid. [demonic ancestry]
   658 | D:1      | Reached XP level 2. HP: 22/24 MP: 2/2
  1021 | D:1      | Reached skill level 2 in Armour
  1030 | D:1      | HP: 7/24 [poisoned by an adder]
  1035 | D:1      | HP: 6/24 [poisoned by an adder]
  1040 | D:1      | HP: 4/24 [poisoned by an adder]
  1048 | D:1      | HP: 3/24 [poisoned by an adder]
  1326 | D:2      | Gained mutation: You have sharp toenails. [demonic
                  | ancestry]
  1326 | D:2      | Reached XP level 3. HP: 29/29 MP: 3/3
  1373 | D:2      | Found a glowing golden altar of the Shining One.
  1375 | D:2      | Found a snail-covered altar of Cheibriados.
  1395 | D:2      | Noticed Natasha
  1407 | D:2      | HP: 1/29 [white imp/puff of frost[Natasha] (12)]
  1409 | D:2      | Killed Natasha
  1967 | D:2      | Reached skill level 4 in Fighting
  2042 | D:2      | Gained mutation: You are partially covered in thin metallic
                  | scales. (AC +2) [demonic ancestry]
  2042 | D:2      | Reached XP level 4. HP: 34/37 MP: 4/4
  2186 | D:2      | Found a shadowy altar of Dithmenos.
  2971 | D:3      | Reached skill level 3 in Armour
  3641 | D:3      | Found a radiant altar of Vehumet.
  3723 | D:3      | Gained mutation: A demonic guardian rushes to your aid.
                  | [demonic ancestry]
  3723 | D:3      | Reached XP level 5. HP: 43/43 MP: 5/5
  3794 | D:3      | Found a faded altar of an unknown god.
  4379 | D:3      | Found a bloodstained altar of Trog.
  4589 | D:3      | Reached skill level 5 in Fighting
  4806 | D:3      | Became a worshipper of Uskayaw the Reveler
  4806 | D:3      | Reached * piety under Uskayaw
  4825 | D:4      | Found a sacrificial altar of Ru.
  4832 | D:4      | Reached ** piety under Uskayaw
  4833 | D:4      | Reached skill level 4 in Armour
  4833 | D:4      | Reached XP level 6. HP: 48/51 MP: 6/6
  5174 | D:4      | Found a sacrificial altar of Ru.
  5428 | D:4      | Found a staircase to the Ecumenical Temple.
  5437 | Temple   | Entered the Ecumenical Temple
  5589 | D:5      | Entered Level 5 of the Dungeon
  5769 | D:5      | Found Cadwaur's Assorted Antiques.
  5804 | D:5      | Noticed an ice beast
  5807 | D:5      | Reached skill level 6 in Fighting
  5807 | D:5      | Reached XP level 7. HP: 46/58 MP: 7/7
  6097 | D:5      | Reached skill level 5 in Armour
  6272 | D:6      | Found a shadowy altar of Dithmenos.
  6304 | D:6      | Reached *** piety under Uskayaw
  6305 | D:6      | HP: 16/59 [gnoll/+1 spear of piercing (6)]
  6653 | D:6      | HP: 17/59 [orc priest/+0 trident (3)]
  6978 | D:6      | Reached skill level 7 in Fighting
  7108 | D:6      | Reached XP level 8. HP: 58/67 MP: 8/8
  7117 | D:6      | Reached skill level 6 in Armour
  7670 | D:7      | Reached **** piety under Uskayaw
  7671 | D:7      | Reached skill level 8 in Fighting
  7894 | D:7      | Reached skill level 7 in Armour
  8273 | D:7      | Noticed a hornet
  8277 | D:7      | Killed a hornet
  8336 | D:7      | Gained mutation: You are mostly covered in thin metallic
                  | scales. (AC +3) [demonic ancestry]
  8336 | D:7      | Reached XP level 9. HP: 75/75 MP: 9/9
  8495 | D:8      | Reached skill level 9 in Fighting
  8713 | D:8      | Reached skill level 8 in Armour
  8995 | D:8      | Found a sparkling altar of Nemelex Xobeh.
  9049 | D:8      | Found a white marble altar of Elyvilon.
  9319 | D:8      | Found an ancient bone altar of Kikubaaqudgha.
  9489 | D:9      | Reached skill level 10 in Fighting
  9732 | D:9      | Reached skill level 9 in Armour
 10305 | D:9      | Reached skill level 10 in Armour
 10305 | D:9      | Gained mutation: You have razor-sharp toenails. [demonic
                  | ancestry]
 10305 | D:9      | Reached XP level 10. HP: 85/85 MP: 10/10
 10532 | D:9      | Noticed a centaur warrior
 10541 | D:9      | Killed a centaur warrior
 10646 | D:9      | Noticed a wolf spider
 10659 | D:9      | Killed a wolf spider
 10659 | D:9      | Reached skill level 11 in Armour
 10667 | D:9      | HP: 24/85 [poisoned by a wolf spider]
 10672 | D:9      | HP: 20/85 [poisoned by a wolf spider]
 10677 | D:9      | HP: 17/85 [poisoned by a wolf spider]
 10683 | D:9      | HP: 16/85 [poisoned by a wolf spider]
 10689 | D:9      | HP: 15/85 [poisoned by a wolf spider]
 10697 | D:9      | HP: 15/85 [poisoned by a wolf spider]
 11072 | D:9      | Noticed a centaur warrior
 11081 | D:9      | Killed a centaur warrior
 11157 | D:9      | Found a deep blue altar of Sif Muna.
 11317 | D:9      | Found a stormy altar of Qazlal.
 11346 | D:9      | Found a hazy altar of Hepliaklqana.
 11576 | D:5      | Bought a glowing plate armour for 624 gold pieces
 11645 | D:10     | Entered Level 10 of the Dungeon
 11811 | D:10     | Killed an unseen horror
 11811 | D:10     | Reached skill level 2 in Axes
 11811 | D:10     | Reached skill level 12 in Armour
 11971 | D:10     | Noticed Snorg
 11974 | D:10     | Noticed Nergalle
 11980 | D:10     | HP: 20/85 [Snorg (16)]
 11980 | D:10     | HP: 3/85 [Snorg (17)]
 11981 | D:10     | Slain by Snorg

Vault maps used:
D:1:      psy_arrival_basics
D:2:      lemuel_doored_altar, lemuel_crystal_altar, cheibriados_altar_1,
          uniq_natasha
D:3:      nicolae_overflow_crystal_walls, lightli_temple_of_fire,
          chequers_ecumenical_altar_island, first_ration, serial_bayou_crossing
D:4:      nicolae_ru_awakened_eye, temple_hall, grunt_decor_fettered,
          minmay_ruined_shrine
D:5:      serial_shops, shop
D:6:      nicolae_dithmenos_through_a_glass_darkly
D:8:      elyvilon_altar_3, nicolae_overflow_hidden_temple,
          lemuel_zombie_altar_kikubaaqudgha
D:9:      minmay_the_grid_3x2, lemuel_round_altar, minitemple,
          serial_column_ruins, column_ruins_hut_pillars, column_ruins_grid_1,
          column_ruins_open_tiny, column_ruins_columns_water,
          column_ruins_grid_3, column_ruins_open_small,
          column_ruins_columns_straight
D:10:     serial_bayou, serial_bayou_lake_a, serial_bayou_lagoon_a,
          serial_bayou_shore_b, serial_bayou_pond_d,
          hangedman_little_slice_of_home, uniq_snorg, uniq_nergalle
Temple:   eino_temple_lava

Skill      XL: |  1  2  3  4  5  6  7  8  9 10 |
---------------+-------------------------------+-----
Armour         | 2 3 4 5 7 10 12 | 12.0
Fighting       | 4 5 6 7 8 10 | 10.0
Axes           | 2 |  2.7
Short Blades   | |  1.7
Maces & Flails | |  1.0
Stealth        | |  2.6

Action                   |  1- 3 |  4- 6 |  7- 9 | 10-12 || total
-------------------------+-------+-------+-------+-------++-------
Melee: Short sword       |    91 |    32 |       |       ||   123
       Kick              |     8 |     1 |       |       ||     9
       Hand axe          |       |   193 |   458 |   168 ||   819
Throw: Stone             |       |     8 |    10 |       ||    18
  Use: Scroll            |     3 |     8 |     8 |     4 ||    23
       Potion            |       |       |     1 |       ||     1
 Stab: Sleeping          |     2 |     1 |       |       ||     3
       Distracted        |       |     1 |     1 |       ||     2
       Paralysed         |       |       |    13 |     2 ||    15
  Eat: Ration            |     1 |       |     3 |       ||     4
       Chunk             |       |    12 |    16 |     7 ||    35
Armor: Robe              |    11 |       |       |       ||    11
       Ring mail         |    22 |    11 |       |       ||    33
       Chain mail        |       |   185 |   422 |   113 ||   720
       Plate armour      |       |       |       |   136 ||   136
Dodge: Dodged            |    58 |   102 |   216 |    88 ||   464

Table legend:
 A = Non-vault XP
 B = Vault XP
 C = Vault XP percentage of total XP
 D = Non-vault monster count
 E = Vault monster count
 F = Vault count percentage of total count
                 A         B        C        D         E       F
            +---------+---------+-------+---------+---------+-------
      Total |    7101 |    2967 |  29.5 |     216 |      20 |   8.5
            +---------+---------+-------+---------+---------+-------
        D:1 |      39 |       0 |   0.0 |      17 |       0 |   0.0
        D:2 |      99 |      20 |  16.8 |      28 |       1 |   3.4
        D:3 |     149 |       0 |   0.0 |      36 |       0 |   0.0
        D:4 |     149 |     110 |  42.5 |       8 |       4 |  33.3
        D:5 |     282 |       0 |   0.0 |       7 |       0 |   0.0
        D:6 |     819 |       0 |   0.0 |      29 |       0 |   0.0
        D:7 |    1203 |       0 |   0.0 |      28 |       0 |   0.0
        D:8 |    1004 |       3 |   0.3 |      18 |       2 |  10.0
        D:9 |    2090 |    2834 |  57.6 |      35 |      13 |  27.1
       D:10 |    1267 |       0 |   0.0 |      10 |       0 |   0.0
            +---------+---------+-------+---------+---------+-------

Table legend:
 A = Turns spent in this place as a percentage of turns spent in the entire game.
 B = Non-inter-level travel turns spent in this place as a percentage of non-inter-level travel turns spent in the entire game.
 C = Inter-level travel turns spent in this place as a percentage of turns spent in this place.
 D = Turns resting spent in this place as a percentage of non-inter-level travel turns spent in this place.
 E = Turns spent auto-exploring this place as a percentage of non-inter-level travel turns spent in this place.
 F = Non-inter-level travel turns spent in this place divided by the number of levels of this place that you've seen.
                   A       B       C       D       E      F
               +-------+-------+-------+-------+-------+----------------------
         Total | 100.0 | 100.0 |   3.9 |  31.4 |  41.1 | 1046.5
       Dungeon |  99.3 |  99.4 |   3.9 |  31.6 |  40.7 | 1144.1
        Temple |   0.7 |   0.6 |  10.3 |   0.0 |  97.1 |  70.0
               +-------+-------+-------+-------+-------+----------------------

Vault maps used:
D:1:      psy_arrival_basics
D:2:      lemuel_doored_altar, lemuel_crystal_altar, cheibriados_altar_1,
          uniq_natasha
D:3:      nicolae_overflow_crystal_walls, lightli_temple_of_fire,
          chequers_ecumenical_altar_island, first_ration, serial_bayou_crossing
D:4:      nicolae_ru_awakened_eye, temple_hall, grunt_decor_fettered,
          minmay_ruined_shrine
D:5:      serial_shops, shop
D:6:      nicolae_dithmenos_through_a_glass_darkly
D:8:      elyvilon_altar_3, nicolae_overflow_hidden_temple,
          lemuel_zombie_altar_kikubaaqudgha
D:9:      minmay_the_grid_3x2, lemuel_round_altar, minitemple,
          serial_column_ruins, column_ruins_hut_pillars, column_ruins_grid_1,
          column_ruins_open_tiny, column_ruins_columns_water,
          column_ruins_grid_3, column_ruins_open_small,
          column_ruins_columns_straight
D:10:     serial_bayou, serial_bayou_lake_a, serial_bayou_lagoon_a,
          serial_bayou_shore_b, serial_bayou_pond_d,
          hangedman_little_slice_of_home, uniq_snorg, uniq_nergalle
Temple:   eino_temple_lava
